 Dungeon Crawl Stone Soup version 0.31-a0-221-gbddc013574 (webtiles) character file.

Game seed: 18039735520000642516

339 qw the Shooter (level 6, 0/53 HPs)
             Began as a Minotaur Hexslinger on July 3, 2023.
             Slain by a goblin
             ... wielding a +0 spear
              (2 damage)
             ... on level 4 of the Dungeon.
             The game lasted 00:01:01 (2611 turns).

qw the Shooter (Minotaur Hexslinger)                Turns: 2611, Time: 00:01:02

Health: 0/53       AC:  8    Str: 13    XL:     6   Next: 29%
Magic:  6/6        EV: 11    Int: 14    God:
Gold:   250        SH:  0    Dex: 14    Spells: 6/7 levels left

rFire   . . .        Y - +1 sling
rCold   x . .        (no shield)
rNeg    + . .        g - +0 ring mail
rPois   .            (helmet restricted)
rElec   .            (no cloak)
rCorr   .            j - +2 pair of gloves of Failure {rC- rN+ Int+4}
SInv    .            (no boots)
Will    .....        (no amulet)
Stlth   +            (no ring)
HPRegen 0.28/turn    (no ring)
MPRegen 0.10/turn

%: no passive effects
@: no status effects
A: horns 2, retaliatory headbutt
a: no special abilities


You were on level 4 of the Dungeon.
You visited 1 branch of the dungeon, and saw 4 of its levels.

You collected 250 gold pieces.


Innate Abilities, Weirdness & Mutations

You have a pair of horns on your head.
You reflexively headbutt those who attack you in melee.


   Skills:
 - Level 4.5 Fighting
 + Level 6.0 Ranged Weapons
 - Level 1.0 Armour
 - Level 2.1 Dodging
 - Level 1.0 Spellcasting
 - Level 2.0 Hexes


You had 6 spell levels left.
You knew the following spells:

 Your Spells              Type           Power      Damage    Failure   Level
a - Slow                  Hex            24%        N/A       24%         1

Your spell library contained the following spells:

 Spells                   Type           Power      Damage    Failure   Level
 Inner Flame              Hex/Fire       3%         N/A       73%         3
 Portal Projectile        Hex/Tloc       6%         N/A       73%         3
 Cause Fear               Hex            3%         N/A       94%         4

Inventory:

Hand Weapons
 Y - a +1 sling (weapon)
Armour
 g - a +0 ring mail (worn)
 j - the +2 pair of gloves of Failure (worn) {rC- rN+ Int+4}
   (You found it on level 3 of the Dungeon)

   Int:       It affects your intelligence (+4).
   rC:        It makes you vulnerable to cold.
   rN:        It protects you from negative energy.
Scrolls
 f - a scroll of enchant armour
Potions
 b - a potion of curing {unknown}
 d - a potion of berserk rage {unknown}
 e - a potion of degeneration {unknown}
 h - 4 potions of might
 i - a potion of enlightenment {unknown}

Dungeon Overview and Level Annotations

Branches:
Dungeon (4/15)
 Temple: D:4-7

Altars:

Shops:
D:1 (


Message History

The goblin completely misses you.
You shoot a sling bullet. The sling bullet hits the black bear.
The black bear is moderately wounded.
The black bear bites you but does no damage.
The black bear claws you but does no damage. x2
The goblin hits you from afar with a +0 spear.
You shoot a sling bullet.
The sling bullet hits the black bear but does no damage.
The black bear is moderately wounded.
The goblin closely misses you. The black bear misses you.
The black bear closely misses you. The black bear barely misses you.
The goblin hits you but does no damage. The black bear barely misses you. x3
You shoot a sling bullet.
The sling bullet closely misses the black bear.
The sling bullet hits the goblin.
The goblin is moderately wounded.
The black bear bites you but does no damage.
The black bear claws you. The black bear barely misses you.
The goblin hits you but does no damage.
You shoot a sling bullet. The sling bullet hits the black bear.
The black bear is heavily wounded.
The black bear bites you.
The black bear claws you but does no damage.
The black bear closely misses you. The goblin completely misses you.
You shoot a sling bullet. The sling bullet hits the black bear.
The black bear is severely wounded.
The black bear barely misses you.
The black bear claws you but does no damage. x2
The goblin hits you from afar with a +0 spear.
You shoot a sling bullet. The sling bullet hits the black bear.
You kill the black bear!
The goblin hits you but does no damage.
The goblin hits you from afar with a +0 spear.
Your Fighting skill increases to level 4!
You have reached level 6!
You shoot a sling bullet.
The sling bullet hits the goblin but does no damage.
The goblin is moderately wounded.
The goblin hits you from afar with a +0 spear.
You die...

##### ###.##.#
..... .......
##### #.....#
.<... .....#####
##### ........
.g..># #....###. #
#@....... #
#....##.. #.# #
#.##.##.# #.# #
#.##.##.# #.# #
#.##.##.# #.# #
#.##.##.# #.# #
#.......# #.# #
####.#..####.#####
#.#...))..)))..


You could see a goblin.

Vanquished Creatures
  A black bear (D:4)
  A phantom (D:4)
  A jelly (D:4)
  Robin (D:4)
  5 adders
  A white imp (D:4)
  2 dart slugs
  2 orcs
  2 ball pythons
  8 endoplasms
  4 giant cockroaches
  14 goblins
  11 hobgoblins
  6 jackals (D:2)
  4 kobolds
  A quokka (D:2)
  A bat (D:2)
  5 frilled lizards
  5 rats
75 creatures vanquished.

Notes
Turn   | Place    | Note
-------+----------+-------------------------------------------
     0 | D:1      | qw the Minotaur Hexslinger began the quest for the Orb.
     0 | D:1      | Reached XP level 1. HP: 16/16 MP: 1/1
     0 | D:1      | 0 ||| qw: Version: 0.3-a-40-ge99b1a8
     0 | D:1      | 0 ||| qw: Game counter: 506
     0 | D:1      | 0 ||| qw: Melee chars always use a shield: true
     0 | D:1      | 0 ||| qw: God list: Okawaru
     0 | D:1      | 0 ||| qw: Allow faded altars: false
     0 | D:1      | 0 ||| qw: Do Orc after clearing Dungeon:15 true
     0 | D:1      | 0 ||| qw: Do second Lair branch before Depths: true
     0 | D:1      | 0 ||| qw: Lair rune preference: random
     0 | D:1      | 0 ||| qw: Goals: Normal
     0 | D:1      | 0 ||| PLANNING D:1-11
   193 | D:1      | Reached skill level 3 in Ranged Weapons
   201 | D:1      | Reached XP level 2. HP: 23/23 MP: 2/2
   417 | D:1      | Found Nygh's Antique Weapon Emporium.
   427 | D:1      | 427 ||| SHOPLISTING shortbow (60 gold, have 48).
   714 | D:1      | 714 ||| UPGRADING to +0 leather armour.
   724 | D:1      | 724 ||| DROPPING +0 robe.
   725 | D:1      | 725 ||| UPGRADING to +0 ring mail.
   735 | D:1      | 735 ||| DROPPING +0 leather armour.
   736 | D:1      | 736 ||| READING scroll labelled PACOIL LU KENE.
   741 | D:1      | 741 ||| DRINKING 3 brown potions.
   742 | D:1      | 742 ||| DROPPING scroll of poison.
   806 | D:2      | 806 ||| FLEEEEING.
   807 | D:2      | 807 ||| FLEEEEING.
   808 | D:2      | 808 ||| FLEEEEING.
   809 | D:2      | 809 ||| FLEEEEING.
   810 | D:2      | 810 ||| FLEEEEING.
   811 | D:2      | 811 ||| FLEEEEING.
   812 | D:2      | 812 ||| FLEEEEING.
   813 | D:2      | 813 ||| FLEEEEING.
   876 | D:2      | Reached XP level 3. HP: 29/29 MP: 3/3
   962 | D:2      | Found a faded altar of an unknown god.
   991 | D:2      | Reached skill level 4 in Ranged Weapons
  1060 | D:2      | Reached skill level 1 in Armour
  1603 | D:2      | 1603 ||| READING scroll labelled KAXATI JATONA.
  1748 | D:3      | Reached XP level 4. HP: 29/36 MP: 4/4
  2094 | D:3      | Identified the +2 pair of gloves of Failure {rC- rN+ Int+4}
  2252 | D:3      | 2252 ||| UPGRADING to +2 pair of gloves of Failure {rC- rN+
                  | Int+4}.
  2257 | D:3      | 2257 ||| READING scroll labelled FETTUD ONOTHRA.
  2258 | D:3      | 2258 ||| READING 2 scrolls labelled GIUNOE MOZAA.
  2259 | D:3      | 2259 ||| DRINKING 2 murky dark potions.
  2260 | D:3      | 2260 ||| DROPPING potion of brilliance.
  2305 | D:4      | Noticed a phantom
  2324 | D:4      | Killed a phantom
  2325 | D:4      | Reached skill level 5 in Ranged Weapons
  2325 | D:4      | Reached XP level 5. HP: 16/41 MP: 5/5
  2503 | D:4      | Noticed Robin
  2504 | D:4      | 2504 ||| FLEEEEING.
  2576 | D:4      | Reached skill level 3 in Fighting
  2579 | D:4      | Killed Robin
  2597 | D:4      | Noticed a black bear
  2601 | D:4      | HP: 9/45 [white imp/puff of frost (12)]
  2603 | D:4      | Reached skill level 6 in Ranged Weapons
  2607 | D:4      | HP: 5/45 [black bear (4)]
  2608 | D:4      | HP: 2/45 [black bear (3)]
  2610 | D:4      | Killed a black bear
  2611 | D:4      | Reached XP level 6. HP: 1/53 MP: 6/6
  2611 | D:4      | Slain by a goblin

Levels and vault maps discovered:
D:1:      saegor_arrival_simple_d, layout_basic, serial_shops,
          nicolae_shop_tiny_glass, ebering_dispersal_statue_hall,
          minmay_misc_feat_encased
D:2:      layout_loops_ring, hellmonk_ecumenical_altar_inner_sanctum,
          minmay_vboxes
D:3:      layout_loops_cross, nicolae_titane
D:4:      layout_loops_ring, uniq_robin

Skill      XL: |  1  2  3  4  5 |
---------------+----------------+-----
Ranged Weapons | 3 4 5 6 |  6.0
Fighting       | 2 4 |  4.5
Armour         | 1 |  1.0
Dodging        | |  2.1
Spellcasting   | |  1.0
Hexes          | |  2.0

Action                     |  1- 3 |  4- 6 || total
---------------------------+-------+-------++-------
   Fire: Sling             |   115 |   110 ||   225
    Use: Scroll            |     2 |     2 ||     4
         Potion            |     1 |     1 ||     2
 Armour: Ring mail         |    20 |    42 ||    62
  Dodge: Dodged            |    36 |    35 ||    71

Table legend:
 A = Non-vault XP
 B = Vault XP
 C = Vault XP percentage of total XP
 D = Non-vault monster count
 E = Vault monster count
 F = Vault count percentage of total count
                 A         B        C        D         E       F
            +---------+---------+-------+---------+---------+-------
      Total |     426 |      59 |  12.2 |      57 |      18 |  24.0
            +---------+---------+-------+---------+---------+-------
        D:1 |      18 |       0 |   0.0 |      10 |       0 |   0.0
        D:2 |      51 |      21 |  29.2 |      28 |       5 |  15.2
        D:3 |      61 |       0 |   0.0 |      13 |       0 |   0.0
        D:4 |     296 |      38 |  11.4 |       6 |      13 |  68.4
            +---------+---------+-------+---------+---------+-------
